Map: Eastwatch LE

Players

BluE

  • Race: Protoss Protoss
  • Spawn Location: 7:00

Stephano - Winner!

  • Race: Zerg Zerg
  • Spawn Location: 1:00

Event: IEM Season 12 - Katowice

VOD

Have the link to the VOD?

Description

Time

  • Played on: Feb. 26, 2018, 5:36 a.m.
  • Length: 4:25

All games in this series

Show
View Real Time Build Order
Export as new Build Order

BluE Protoss 

Build Orders: 1 Gate Expand 

Get SALT Encoding   

  12  0:00  Probe  
  13  0:12  Probe  
  14  0:20  Pylon  
  14  0:25  Probe (Chrono Boost)  
  15  0:38  Probe (Chrono Boost)  
  15  0:39  Gateway  
  16  0:46  Probe (Chrono Boost)  
  16  0:49  Assimilator  
  17  0:53  Probe  
  18  1:05  Probe  
  19  1:19  Probe, Pylon  
  20  1:31  Nexus  
  20  1:40  Cybernetics Core  
  20  1:42  Probe  
  21  1:47  Assimilator  
  21  1:54  Probe  
  21  1:57  Pylon  
  22  2:06  Probe  
  23  2:12  Pylon  
  22  2:16  Stalker (Chrono Boost)  
  22  2:18  Probe (Chrono Boost)  
  22  2:21  Warp Gate (Chrono Boost)  
  26  2:30  Probe (Chrono Boost)  
  26  2:35  Robotics Facility  
  26  2:37  Probe (Chrono Boost)  
  27  2:44  Adept  
  31  2:51  Probe (Chrono Boost)  
  31  2:54  Probe (Chrono Boost)  
  31  3:02  Twilight Council  
  31  3:03  Probe (Chrono Boost)  
  31  3:05  Probe  
  32  3:12  Pylon  
  33  3:19  Probe (Chrono Boost)  
  35  3:20  Probe (Chrono Boost)  
  35  3:27  Probe (Chrono Boost)  
  35  3:28  Pylon  
  35  3:30  Probe (Chrono Boost)  
  35  3:36  Gateway  
  35  3:38  Gateway  
  35  3:41  Pylon  
  35  3:47  Gateway  
  35  3:51  Gateway  
  35  3:58  Pylon  
  35  4:03  Gateway  
  28  4:18  Adept  
Show
View Real Time Build Order
Export as new Build Order

Stephano Zerg - Winner!

Build Orders: Pool First 

Get SALT Encoding   

  12  0:02  Drone  
  13  0:13  Overlord  
  13  0:18  Drone  
  14  0:31  Drone x2  
  14  0:35  Drone  
  17  0:45  Extractor  
  17  0:47  Spawning Pool  
  15  0:50  Drone  
  15  0:56  Drone  
  17  1:08  Drone  
  18  1:30  Hatchery  
  17  1:33  Queen  
  17  1:36  Drone  
  21  1:40  Zergling x2  
  21  1:46  Metabolic Boost  
  21  1:52  Overlord  
  21  2:07  Drone  
  22  2:13  Queen  
  24  2:15  Drone  
  24  2:16  Drone  
  26  2:32  Hatchery  
  25  2:38  Zergling x2  
  26  2:44  Overlord  
  26  2:48  Zergling x4  
  26  2:51  Zergling x2  
  29  2:53  Zergling x2  
  29  2:55  Zergling x2  
  31  3:00  Overlord  
  32  3:05  Zergling x2  
  32  3:06  Zergling x2  
  33  3:14  Zergling x2  
  33  3:27  Drone x6  
  33  3:33  Drone x2  
  40  3:40  Zergling x2  
  40  3:41  Zergling x2  
  41  3:47  Drone x2  
  42  3:57  Zergling x6  
  42  4:01  Drone  
  46  4:09  Drone x5  

Tags
 
Add a new tag
Caveats
  • Supply blocks, unpowered buildings, or Contaminate may cause inaccurate times.
  • Supply counts are checked every 10 seconds.